 Dungeon Crawl Stone Soup version 0.27-a0-1186-g8b4daa1eef (webtiles) character file.

Game seed: 6132072749390784058

223 freelancePsychic the Caller (level 6, -11/41 HPs)
             Began as a Merfolk Summoner on May 19, 2021.
             Was an Initiate of Ashenzari.
             Mangled by an ice beast (13 damage)
             ... on level 3 of the Dungeon.
             The game lasted 00:13:05 (7043 turns).

freelancePsychic the Caller (Merfolk Summoner)      Turns: 7043, Time: 00:13:05

Health: -11/41     AC:  6    Str: 17    XL:     6   Next: 0%
Magic:  9/9        EV: 13    Int: 21    God:    Ashenzari [......]
Gold:   48         SH:  0    Dex: 20    Spells: 6/9 levels left

rFire    + . .     SeeInvis .   p - +2 halberd (venom)
rCold    . . .     Faith    .   (shield currently unavailable)
rNeg     . . .     Spirit   .   t - +1 leather armour "Roasy" {rF+ Str+3 Int+4 Stlth+}
rPois    .         Reflect  .   n - +0 helmet
rElec    .         Harm     .   (no cloak)
rCorr    .         Rampage  .   (no gloves)
Will     .....                  r - +0 pair of boots
Stlth    +++.......             (no amulet)
HPRegen  0.13/turn              i - +6 ring of strength
MPRegen  0.11/turn              s - +6 ring of dexterity

@: no status effects
A: (nimble swimmer 2), mertail
a: Renounce Religion


You were on level 3 of the Dungeon.
You worshipped Ashenzari.
Ashenzari was noncommittal.
You visited 2 branches of the dungeon, and saw 6 of its levels.

You collected 216 gold pieces.
You spent 168 gold pieces at shops.

Inventory:

Hand Weapons
 p - a +2 halberd of venom (weapon)
Armour
 a - a +1 robe
 e - a +0 kite shield
 n - a +0 helmet (worn)
 r - a +0 pair of boots (worn)
 t - the +1 leather armour "Roasy" (worn) {rF+ Str+3 Int+4 Stlth+}
   (You bought it in a shop on level 4 of the Dungeon)

   It affects your strength (+3).
   It affects your intelligence (+4).
   It protects you from fire.
   It makes you more stealthy.
Jewellery
 i - a +6 ring of strength (left hand)
 k - an amulet of faith
 s - a +6 ring of dexterity (right hand)
Wands
 g - a wand of iceblast (3)
 v - a wand of charming (9)
Scrolls
 b - a scroll of enchant armour
 j - a scroll of teleportation {@r4}
 m - a scroll of immolation
 o - a scroll of enchant weapon
Potions
 c - a potion of flight
 d - a potion of brilliance
 f - 2 potions of heal wounds {@q2}
 h - a potion of haste {@q3}
 l - 3 potions of curing {@q1}
 q - a potion of mutation
 u - a potion of ambrosia


   Skills:
 + Level 5.5 Polearms
 - Level 2.6 Dodging
 - Level 2.1 Stealth
 - Level 2.0 Spellcasting
 + Level 5.7 Summonings


You had 6 spell levels left.
You knew the following spells:

 Your Spells              Type           Power      Damage    Failure   Level
a - Summon Small Mammal   Summ           100%       N/A       1%          1
b - Call Imp              Summ           26%        N/A       2%          2

Your spell library contained the following spells:

 Spells                   Type           Power      Damage    Failure   Level
 Call Canine Familiar     Summ           26%        N/A       5%          3
 Summon Guardian Golem    Hex/Summ       14%        N/A       17%         3
 Summon Ice Beast         Ice/Summ       14%        N/A       50%         4
 Summon Lightning Spire   Summ/Air       14%        N/A       50%         4


Dungeon Overview and Level Annotations

Branches:
Dungeon (5/15)             Temple (1/1) D:4

Altars:
Ashenzari
Cheibriados
Dithmenos
Gozag
Hepliaklqana
Kikubaaqudgha
Makhleb
Nemelex Xobeh
Okawaru
Qazlal
Sif Muna
Trog
Vehumet
Xom
Zin
The Shining One

Shops:
D:3 [   D:4 [([[


Innate Abilities, Weirdness & Mutations

((You are quick and stealthy near water. (Stealth+, EV+, Speed+++)))
Your lower body shifts to a powerful aquatic tail in water.


Message History

* * * LOW HITPOINT WARNING * * *
The orc hits you with a +0 hand axe.
* * * LOW HITPOINT WARNING * * *
Your white imp hits the bullfrog skeleton.
Your white imp freezes the bullfrog skeleton.
The bullfrog skeleton resists.
Your shadow imp barely misses the bullfrog skeleton.
Your white imp closely misses the ice beast.
You climb upwards.
Your summoned ally is left behind.
There is a stone staircase leading down here.
The ice beast hits you but does no damage.
The orc barely misses you. The ice beast barely misses you.
You see here a +0 giant club.
There is an escape hatch in the ceiling here.
The ice beast barely misses you. A mysterious force pulls you upwards.
The hatch slams shut behind you. The ice beast barely misses you.
Casting: Call Imp (safe; 2% risk of failure)
Confirm with . or Enter, or press ? or * to list all spells.
A beastly little devil appears in a puff of flame.
The ice beast barely misses you.
The ice beast hits you but does no damage.
Your crimson imp hits the ice beast but does no damage.
Your crimson imp blinks!
There is an open door here.
You closely miss the ice beast. The ice beast hits you.
* * * LOW HITPOINT WARNING * * *
The ice beast freezes you.
* * * LOW HITPOINT WARNING * * *
Things that are here:
a +0 flail; a +0 robe; a +0 dagger You see here a +0 dagger.
There is an entrance to Gighyby's Antique Armour Boutique here.
You puncture the ice beast!
The ice beast is heavily wounded.
The ice beast hits you.
* * * LOW HITPOINT WARNING * * *
The ice beast freezes you!
You die...

.......###.##.####......#
..###### #.##.##.)......#
..########.##......##.#.#
.............>.....##.#.#
..#####.##.##..#.#.##.###
..# #.##.##..#.#.##.#
..#####.##.##...#..##.#
............)......##.#
.####.).).....#Y@.###.#
.........#.##.#....##.#
...##....#.##.#.#..##.###
...##....#.............<#
...##....#......<.....###
.#.........#######.####
.####......# #.#
........##.# ###
......#.##.#


You could see an ice beast.

Vanquished Creatures
  A hound (D:4)
  2 dart slugs
  An orc (D:4)
  3 ball pythons
  2 bats
  An endoplasm (D:2)
  4 giant cockroaches
  4 goblins
  A hobgoblin (D:3)
  A quokka (D:4)
  A frilled lizard (D:3)
  2 kobolds
  A rat (D:3)
24 creatures vanquished.

Vanquished Creatures (collateral kills)
  An ogre (D:4)
  A bullfrog (D:3)
  An iguana (D:4)
  3 gnolls (D:4)
  3 adders
  A worm (D:3)
  A dart slug (D:2)
  A ball python (D:1)
  An endoplasm (D:2)
  11 giant cockroaches (D:2)
  3 goblins
  4 hobgoblins
  2 frilled lizards
  5 kobolds
  2 rats
40 creatures vanquished.

Grand Total: 64 creatures vanquished

Notes
Turn   | Place    | Note
-------+----------+-------------------------------------------
     0 | D:1      | freelancePsychic the Merfolk Summoner began the quest for
                  | the Orb.
     0 | D:1      | Reached XP level 1. HP: 13/13 MP: 3/3
   375 | D:1      | Reached skill level 1 in Polearms
   829 | D:1      | Reached XP level 2. HP: 19/19 MP: 1/5
  1350 | D:2      | Learned a level 2 spell: Call Imp
  2278 | D:2      | Reached XP level 3. HP: 15/24 MP: 6/6
  3970 | D:3      | Found Gighyby's Antique Armour Boutique.
  4398 | D:3      | Noticed a bullfrog
  4427 | D:3      | Killed a bullfrog
  4428 | D:3      | Reached XP level 4. HP: 29/30 MP: 0/7
  4574 | D:3      | Reached skill level 5 in Summonings
  4713 | D:3      | Found a shadowy altar of Dithmenos.
  5326 | D:4      | Identified the +1 whip of Ash {drain, rN++ Int-5}
  5412 | D:4      | Found Rostaug's Antique Armour Emporium.
  5415 | D:4      | Bought a transparent leather armour for 168 gold pieces
  5415 | D:4      | Identified the +1 leather armour "Roasy" {rF+ Str+3 Int+4
                  | Stlth+} (You bought it in a shop on level 4 of the Dungeon)
  5679 | D:4      | Found Roemev's Jewellery Boutique.
  5722 | D:4      | Found Byt Osk's Antique Weapon Shoppe.
  5746 | D:4      | Noticed an ogre
  5758 | D:4      | Found a staircase to the Ecumenical Temple.
  5780 | Temple   | Entered the Ecumenical Temple
  6322 | Temple   | Became a worshipper of Ashenzari the Shackled
  6410 | D:4      | Killed an ogre
  6411 | D:4      | Reached XP level 5. HP: 31/35 MP: 0/8
  6445 | D:4      | Reached skill level 5 in Polearms
  6605 | D:4      | Found a bloodstained altar of Trog.
  6605 | D:4      | Found a glowing silver altar of Zin.
  6663 | D:4      | Identified the +7 whip of Shrieking Terror {vamp, *Corrode
                  | +Rage rPois Int+3}
  6666 | D:4      | Found an opulent altar of Gozag.
  6831 | D:4      | Reached XP level 6. HP: 41/41 MP: 9/9
  6845 | D:4      | Found a shimmering altar of Xom.
  6851 | D:4      | Found a hazy altar of Hepliaklqana.
  6857 | D:4      | Found a burning altar of Makhleb.
  6891 | D:4      | Found Zyidoyq's Armour Shop.
  6913 | D:4      | Found Xangez's Antique Armour Shop.
  6965 | D:5      | Entered Level 5 of the Dungeon
  6965 | D:5      | Noticed an ice beast
  7029 | D:3      | HP: 2/41 [ice beast (6)]
  7043 | D:3      | HP: 2/41 [ice beast (2)]
  7043 | D:3      | Mangled by an ice beast

Illustrated notes

Levels and vault maps discovered:
D:1:      matt_arrival_grand_opening, layout_loops_ring, minivault_4,
          minmay_pentomino_o2
D:2:      minmay_roachtagon, layout_rooms, serial_co_window_serial,
          co_window_paths_a, co_window_corner_a, co_window_of_opportunity_a,
          co_window_paths_a, co_window_corner_a, co_window_paths_a,
          co_window_corner_a, co_window_cross_2, co_window_unsneaky_path_a,
          co_window_corner_ca, co_window_unsneaky_path_d, co_window_corner_b,
          co_window_of_opportunity_b, co_window_paths_d, glass_columns_a,
          glass_columns_a, glass_columns_a, glass_columns_b, glass_columns_b,
          uniq_crazy_yiuf_cottage
D:3:      layout_basic, marbit_many_paths, serial_shops, nicolae_shop_stone,
          minivault_5
D:4:      layout_loops_ring, nicolae_gozag_seed_capital,
          gammafunk_temple_overflow_wave, minitemple,
          minmay_temple_entry_statues_pillars, serial_shops, shop_statue,
          kennysheep_mini, shop, nicolae_shop_window_shopping,
          kennysheep_mini_moat, kennysheep_generic_room_13
D:5:      layout_basic, lemuel_round_altar, uniq_duvessa, uniq_menkaure,
          uniq_prince_ribbit1
Temple:   jpeg_temple_island

Skill      XL: |  1  2  3  4  5 |
---------------+----------------+-----
Polearms       | 1 2 3 4 5 |  5.5
Summonings     | 5 |  5.7
Dodging        | |  2.6
Stealth        | |  2.1
Spellcasting   | |  2.0

Action                   |  1- 3 |  4- 6 || total
-------------------------+-------+-------++-------
Melee: Unarmed           |   177 |    66 ||   243
       Halberd           |       |    20 ||    20
 Cast: Summon Small Mamm |    20 |       ||    20
       Call Imp          |    24 |    17 ||    41
  Use: Scroll            |     1 |     5 ||     6
 Stab: Distracted        |     2 |       ||     2
       Sleeping          |     3 |     2 ||     5
Armor: Robe              |    41 |     7 ||    48
       Leather armour    |       |    16 ||    16
Dodge: Dodged            |   116 |    58 ||   174

Table legend: (Time is in decaauts)
 A = Elapsed time spent in this place.
 B = Non-inter-level travel time spent in this place.
 C = Inter-level travel time spent in this place.
 D = Time resting spent in this place.
 E = Time spent auto-exploring this place.
 F = Levels seen in this place.
 G = Mean time per level.
                   A        B        C        D        E       F      G
               +--------+--------+--------+--------+--------+-----+--------+
         Total |   6878 |   6685 |    193 |    669 |   5064 |   6 | 1146.3 |
       Dungeon |   6467 |   6337 |    130 |    669 |   4739 |   5 | 1293.4 |
        Temple |    411 |    348 |     63 |      0 |    325 |   1 |  411.0 |
               +--------+--------+--------+--------+--------+-----+--------+

Top non-repeatable levels by time:
     D:2: 2633 daAuts
     D:3: 1400 daAuts
     D:1: 1332 daAuts
     D:4: 1095 daAuts
  Temple: 411 daAuts
     D:5: 6 daAuts
